 Dungeon Crawl Stone Soup version 0.24.0-1-gfbc8707 (webtiles) character file.

Game seed: 12232392790681877111, levelgen mode: deterministic

6710 Dexeus the Spear-Bearer (level 10, -2/77 HPs)
             Began as a Minotaur Berserker on Oct 31, 2019.
             Was a High Priest of Trog.
             Slain by a hippogriff (6 damage)
             ... on level 10 of the Dungeon on Nov 1, 2019.
             The game lasted 00:39:05 (9591 turns).

Dexeus the Spear-Bearer (Minotaur Berserker)        Turns: 9591, Time: 00:39:06

Health: -2/77      AC: 12    Str: 24    XL:     10   Next: 74%
Magic:  9/9        EV:  7    Int:  8    God:    Trog [*****.]
Gold:   499        SH:  4    Dex: 10    Spells: 9/9 levels left

rFire    . . .     SeeInvis .   B - +8 spear of Tension {pierce, Int+3}
rCold    . . .     Gourm    .   (no shield)
rNeg     . . .     Faith    .   L - +0 plate armour
rPois    +         Spirit   .   (helmet restricted)
rElec    .         Reflect  .   I - scarf {cloud immunity}
rCorr    .         Harm     .   (no gloves)
MR       ++...                  y - +0 pair of boots
Stlth    ..........             (no amulet)
HPRegen  1.22/turn              j - ring of poison resistance
MPRegen  0.11/turn              (no ring)

@: berserk cooldown, starving, regenerating, slowed, very slow
A: retaliatory headbutt, horns 2, large bone plates 1, sense surroundings 1,
wild magic 1
a: Berserk, Trog's Hand, Brothers in Arms, Renounce Religion


You were on level 10 of the Dungeon.
You worshipped Trog.
Trog was extremely pleased with you.
You were starving.

You visited 2 branches of the dungeon, and saw 11 of its levels.

You collected 499 gold pieces.

Inventory:

Hand Weapons
 a - a +0 mace
 n - a +2 arbalest of flaming
 u - a +3 quarterstaff of chaos
 B - the +8 spear of Tension (weapon) {pierce, Int+3}
   (You found it on level 5 of the Dungeon)

   It inflicts extra damage upon your enemies.
   It affects your intelligence (+3).
 J - a +0 shortbow
Missiles
 i - 118 arrows
 k - 363 stones
 A - a throwing net (quivered)
Armour
 l - a +0 chain mail
 s - a +0 pair of boots
 v - a +0 cloak
 y - a +0 pair of boots (worn)
 I - a scarf of cloud immunity (worn)
 L - a +0 plate armour (worn)
Jewellery
 j - a ring of poison resistance (left hand)
Wands
 p - a wand of digging (14)
 C - a wand of random effects (20)
 E - a wand of acid (8)
Scrolls
 d - a scroll of noise {unknown}
 e - 5 scrolls of identify {unknown}
 f - a scroll of enchant weapon {unknown}
 g - 3 scrolls of fear {unknown}
 h - 4 scrolls of enchant armour {unknown}
 q - 6 scrolls of remove curse {unknown}
 w - a scroll of fog {unknown}
 x - 7 scrolls of teleportation {unknown}
 F - a scroll of holy word {unknown}
 G - a scroll of amnesia {unknown}
 K - 4 scrolls of blinking {unknown}
Potions
 b - a potion of mutation
 m - 4 potions of heal wounds {unknown}
 o - 3 potions of agility {unknown}
 r - 2 potions of might
 t - 10 potions of curing {unknown}
 z - 2 potions of flight {unknown}
 D - 3 potions of magic {unknown}
 H - 2 potions of cancellation {unknown}
Comestibles
 c - 23 rations


   Skills:
 - Level 3.6 Fighting
 - Level 12.2(12.5) Maces & Flails
 + Level 14.1(14.3) Polearms
 - Level 4.4(12.7) Staves
 - Level 0.2 Throwing
 - Level 2.4 Armour
 - Level 2.1 Dodging


You had 9 spell levels left.
You didn't know any spells.
Your spell library contained the following spells:

 Spells                   Type           Power        Failure   Level  Hunger
 Beastly Appendage        Tmut           #.....       100%        1    ##.....
 Sticks to Snakes         Tmut           #.......     100%        2    ###....
 Spider Form              Tmut/Pois      #.........   100%        3    ####...
 Ice Form                 Ice/Tmut       #.......     100%        4    #####..
 Blade Hands              Tmut           #.........   100%        5    ######.


Dungeon Overview and Level Annotations

Branches:
Dungeon (10/15)            Temple (1/1) D:6
   Lair: D:8-11         Orc: D:9-12

Altars:
Cheibriados
Elyvilon
Gozag
Hepliaklqana
Kikubaaqudgha
Makhleb
Okawaru
Qazlal
Sif Muna
Trog
Uskayaw
Vehumet
Wu Jian
Xom
Yredelemnul


Innate Abilities, Weirdness & Mutations

You reflexively headbutt those who attack you in melee.
You have a pair of horns on your head.
You are partially covered in large bone plates. (SH +4)
You passively map a small area around you.
Your spells are a little harder to cast, but a little more powerful.


Message History

The hippogriff pecks you.
* * * LOW HITPOINT WARNING * * *
The hippogriff claws you.
* * * LOW HITPOINT WARNING * * *
It was a potion of mutation.
You feel extremely strange.
You feel less in control of your magic.
You feel a strange attunement to the structure of the dungeons.
Large bone plates grow over parts of your arms.
The centaur hits you.
* * * LOW HITPOINT WARNING * * *
The centaur hits you but does no damage.
The hippogriff bites you.
* * * LOW HITPOINT WARNING * * *
The hippogriff pecks you but does no damage.
The hippogriff claws you but does no damage.
The centaur hits you but does no damage.
The hippogriff bites you.
* * * LOW HITPOINT WARNING * * *
The hippogriff pecks you.
You die...

...............|......>
,##############..######.
#..# , , #..# , #..# ,
########..# ,
..........######. ,
.................
.......(.@.......
,.#######cH####### ,, *
#..# * , *#.... ,,,,
....... * * .......... ,
.......... * *
........... ,
.....?.....


You could see a hippogriff and a centaur.

Vanquished Creatures
  Fannar (D:10)
  Pikel (D:4)
  Psyche (D:9)
  A yak (D:7)
  3 hogs (D:7)
  A human (D:7)
  Eustachio (D:4)
  Menkaure (D:4)
  A water moccasin (D:8)
  Duvessa (D:6)
  An ice beast (D:8)
  2 sky beasts
  A slave (D:4)
  3 orc warriors
  3 phantoms
  7 ogres
  A crocodile (D:9)
  A centaur (D:8)
  Blork the orc (D:6)
  A wyvern zombie (D:8)
  A bullfrog (D:7)
  3 scorpions
  A water moccasin skeleton (D:10)
  Dowan (D:6)
  14 wights
  2 howler monkeys
  A bullfrog zombie (D:9)
  6 crimson imps
  3 hounds
  4 jellies
  3 orc priests
  A centaur skeleton (D:8)
  7 orc wizards
  Crazy Yiuf (D:2)
  A bullfrog skeleton (D:7)
  Natasha (thrice) (D:2)
  Ijyb (D:3)
  Terence (D:2)
  5 worker ants
  An iguana (D:6)
  A hound zombie (D:8)
  Robin (D:2)
  A howler monkey zombie (D:7)
  4 gnolls
  14 adders
  A howler monkey skeleton (D:8)
  An ooze (D:1)
  An adder skeleton (D:9)
  2 dart slugs
  6 leopard geckos
  28 orcs
  A ball python (D:3)
  5 giant cockroaches
  25 goblins
  8 hobgoblins
  11 jackals
  6 quokkas
  10 bats
  8 frilled lizards
  10 kobolds
  A leopard gecko skeleton (D:6)
  A leopard gecko zombie (D:5)
  A quokka skeleton (D:5)
  A quokka zombie (D:6)
  4 rats
245 creatures vanquished.

Vanquished Creatures (collateral kills)
  2 hobgoblins (D:3)
2 creatures vanquished.

Vanquished Creatures (others)
  3 slaves (D:4)
3 creatures vanquished.

Grand Total: 250 creatures vanquished

Notes
Turn   | Place    | Note
-------+----------+-------------------------------------------
     0 | D:1      | Dexeus the Minotaur Berserker began the quest for the Orb.
     0 | D:1      | Reached XP level 1. HP: 19/19 MP: 0/0
   298 | D:1      | Reached XP level 2. HP: 26/26 MP: 1/1
   504 | D:1      | HP: 1/39 [gnoll/+0 halberd (13)]
   505 | D:1      | Reached skill level 5 in Maces & Flails
   505 | D:1      | Reached XP level 3. HP: 1/31 MP: 2/2
  1112 | D:2      | Reached ** piety under Trog
  1120 | D:2      | Noticed Natasha
  1358 | D:2      | Killed Natasha
  1358 | D:2      | Reached XP level 4. HP: 39/39 MP: 3/3
  1391 | D:2      | Noticed Terence
  1397 | D:2      | Killed Terence
  1597 | D:2      | Noticed Robin
  1601 | D:2      | Killed Robin
  1601 | D:2      | Reached XP level 5. HP: 45/45 MP: 4/4
  1635 | D:2      | Noticed Natasha
  1645 | D:2      | Killed Natasha
  1801 | D:2      | Found a runed translucent door.
  1802 | D:2      | Noticed Crazy Yiuf
  2038 | D:2      | Noticed Natasha
  2042 | D:2      | Killed Natasha
  2282 | D:2      | Killed Crazy Yiuf
  2399 | D:3      | Reached *** piety under Trog
  2399 | D:3      | Reached XP level 6. HP: 51/51 MP: 5/5
  2748 | D:3      | Reached skill level 1 in Staves
  2815 | D:3      | Noticed Ijyb
  2824 | D:3      | Killed Ijyb
  3015 | D:3      | Reached **** piety under Trog
  3438 | D:4      | Found a white marble altar of Elyvilon.
  3482 | D:4      | Noticed a slave
  3482 | D:4      | Noticed Eustachio
  3483 | D:4      | Noticed Pikel
  3484 | D:4      | Noticed a slave
  3489 | D:4      | Noticed a slave
  3493 | D:4      | Noticed a slave
  3499 | D:4      | Killed a slave
  3511 | D:4      | Killed Pikel
  3511 | D:4      | Reached skill level 10 in Maces & Flails
  3511 | D:4      | Reached XP level 7. HP: 57/57 MP: 6/6
  3550 | D:4      | Killed Eustachio
  3550 | D:4      | Reached XP level 8. HP: 27/64 MP: 7/7
  4090 | D:4      | Noticed Menkaure
  4095 | D:4      | Killed Menkaure
  4332 | D:5      | Entered Level 5 of the Dungeon
  5076 | D:5      | Got a scorched spear
  5078 | D:5      | Identified the +8 spear of Tension {pierce, Int+3} (You
                  | found it on level 5 of the Dungeon)
  5433 | D:6      | Reached skill level 1 in Polearms
  5463 | D:6      | Noticed Blork the orc
  5472 | D:6      | Killed Blork the orc
  5472 | D:6      | Reached skill level 2 in Polearms
  5493 | D:6      | Found a staircase to the Ecumenical Temple.
  5499 | Temple   | Entered the Ecumenical Temple
  5634 | D:6      | Reached skill level 3 in Polearms
  5693 | D:6      | Noticed Duvessa
  5694 | D:6      | Noticed Dowan
  5703 | D:6      | Killed Dowan
  5703 | D:6      | Reached skill level 4 in Polearms
  5705 | D:6      | Killed Duvessa
  5858 | D:6      | Reached skill level 5 in Polearms
  5858 | D:6      | Reached XP level 9. HP: 70/70 MP: 8/8
  5991 | D:6      | Reached skill level 6 in Polearms
  6346 | D:7      | Reached skill level 7 in Polearms
  6356 | D:7      | Reached skill level 8 in Polearms
  6621 | D:7      | Reached skill level 9 in Polearms
  6625 | D:7      | Reached ***** piety under Trog
  6997 | D:7      | Found a hazy altar of Hepliaklqana.
  7002 | D:7      | Found a bloodstained altar of Trog.
  7002 | D:7      | Found an opulent altar of Gozag.
  7332 | D:8      | Reached skill level 10 in Polearms
  7406 | D:8      | Found a stormy altar of Qazlal.
  7693 | D:8      | Reached skill level 11 in Polearms
  7834 | D:8      | Reached XP level 10. HP: 74/77 MP: 9/9
  8366 | D:9      | Received a gift from Trog
  8530 | D:9      | Identified the +8 dagger "Fomniu" {venom, +Rage rElec MP+9}
  8530 | D:9      | Identified the +2 fustibalus of Impatience {freeze,
                  | *Corrode MP+9 Dex+4}
  8538 | D:9      | Reached skill level 12 in Polearms
  8778 | D:9      | Found a snail-covered altar of Cheibriados.
  8929 | D:9      | Noticed Psyche
  8937 | D:9      | Killed Psyche
  8968 | D:10     | Entered Level 10 of the Dungeon
  9287 | D:10     | Reached skill level 13 in Polearms
  9548 | D:10     | Noticed Fannar
  9566 | D:10     | Killed Fannar
  9566 | D:10     | Reached skill level 14 in Polearms
  9591 | D:10     | Gained mutation: Your spells are a little harder to cast,
                  | but a little more powerful. [potion of mutation]
  9591 | D:10     | Gained mutation: You passively map a small area around you.
                  | [potion of mutation]
  9591 | D:10     | Gained mutation: You are partially covered in large bone
                  | plates. (SH +4) [potion of mutation]
  9591 | D:10     | Slain by a hippogriff

Levels and vault maps discovered:
D:1:      dpeg_arrival_radiant, layout_rooms, nrook_uturn,
          minmay_misc_feat_more_columns, minmay_misc_feat_cross
D:2:      layout_loops_ring, first_ration, uniq_terence, uniq_natasha,
          uniq_crazy_yiuf_cottage, uniq_robin
D:3:      kennysheep_goblin_castle, layout_loops_ring,
          kennysheep_decorative_pillar
D:4:      layout_gridville, lemuel_crystal_altar, nicolae_zen_rock_garden,
          uniq_eustachio, uniq_menkaure, uniq_pikel
D:5:      layout_loops_corners, minmay_between
D:6:      layout_basic, minmay_temple_entry_hall, lemuel_another_geyser,
          uniq_blork_the_orc, uniq_duvessa
D:7:      layout_basic, grunt_temple_overflow_open, grunt_livestock
D:8:      layout_loops_cross, kennysheep_mini
D:9:      layout_rooms, old_standard_altar, uniq_psyche
D:10:     layout_long_grid, lair_entry_dummy, uniq_fannar
Temple:   eino_temple_rhombus

Skill      XL: |  1  2  3  4  5  6  7  8  9 10 |
---------------+-------------------------------+-----
Maces & Flails | 4 5 6 7 8 10 12 | 12.2
Staves         | 4 |  4.4
Polearms       | 5 11 14 | 14.1
Fighting       | |  3.6
Throwing       | |  0.2
Armour         | |  2.4
Dodging        | |  2.1

Action                   |  1- 3 |  4- 6 |  7- 9 | 10-12 || total
-------------------------+-------+-------+-------+-------++-------
Melee: Mace              |    50 |    69 |       |       ||   119
       Headbutt          |    10 |    15 |    45 |    26 ||    96
       Quarterstaff      |       |   106 |    87 |       ||   193
       Spear             |       |       |   161 |   178 ||   339
Throw: Stone             |     7 |    12 |       |       ||    19
Invok: Berserk           |     3 |     2 |     2 |     1 ||     8
       Trog's Hand       |       |     1 |     2 |     1 ||     4
  Use: Potion            |       |       |     1 |     1 ||     2
 Stab: Paralysed         |       |       |     2 |       ||     2
  Eat: Ration            |     1 |       |     2 |       ||     3
       Chunk             |       |     8 |    10 |     6 ||    24
Armor: Animal skin       |    14 |       |       |       ||    14
       Chain mail        |     2 |       |    76 |    30 ||   108
       Scale mail        |     5 |    61 |    19 |       ||    85
       Plate armour      |       |       |       |    30 ||    30
Dodge: Dodged            |    56 |   110 |   101 |    44 ||   311
